 Dungeon Crawl Stone Soup version 0.27-a0-1188-g73eefd5def (webtiles) character file.

Game seed: 352350230257442274

101 chippings the Ruffian (level 4, -3/40 HPs)
             Began as a Ghoul Gladiator on May 21, 2021.
             Was an Initiate of Gozag.
             Slain by an iguana (7 damage)
             ... on level 3 of the Dungeon.
             The game lasted 00:03:21 (2119 turns).

chippings the Ruffian (Ghoul Gladiator)             Turns: 2119, Time: 00:03:21

Health: -3/40      AC:  6    Str: 18    XL:     4   Next: 75%
Magic:  3/3        EV: 11    Int:  3    God:    Gozag
Gold:   112        SH:  0    Dex: 16    Spells: 3/3 levels left

rFire    . . .     SeeInvis .     - Unarmed
rCold    + . .     Faith    .   (no shield)
rNeg     + + +     Spirit   .   m - +0 ring mail
rPois    ∞         Reflect  .   b - +0 helmet
rElec    .         Harm     .   (no cloak)
rCorr    +         Rampage  .   (no gloves)
Will     .....                  (no boots)
Stlth    +.........             (no amulet)
HPRegen  0.00/turn              j - +6 ring of dexterity
MPRegen  0.08/turn              o - ring of resist corrosion

@: no status effects
A: claws 1, cold resistance 1, negative energy resistance 3, inhibited
regeneration, torment resistance 2
a: Renounce Religion, Potion Petition, Call Merchant, Bribe Branch


You were on level 3 of the Dungeon.
You worshipped Gozag.
Gozag was aware of your devotion.
You visited 1 branch of the dungeon, and saw 3 of its levels.

You collected 130 gold pieces.
You paid 18 gold pieces to Gozag.

Inventory:

Missiles
 c - 3 throwing nets
 i - 11 poisoned darts (quivered)
Armour
 b - a +0 helmet (worn)
 m - a +0 ring mail (worn)
Jewellery
 j - a +6 ring of dexterity (left claw)
 o - a ring of resist corrosion (right claw)
Wands
 p - a wand of flame (11)
Scrolls
 a - a scroll of fear {unknown}
 e - 3 scrolls of teleportation {unknown}
 f - a scroll of torment {unknown}
 l - a scroll of enchant armour {unknown}
Potions
 d - a potion of attraction {unknown}
 g - a potion of haste {unknown}
 h - a potion of lignification {unknown}
 k - a potion of flight {unknown}
 n - a potion of degeneration {unknown}


   Skills:
 + Level 3.9 Fighting
 - Level 1.7 Throwing
 - Level 2.6 Dodging
 + Level 1.0 Stealth
 + Level 4.6 Unarmed Combat


You had 3 spell levels left.
You didn't know any spells.
Your spell library contained the following spells:

 Spells                   Type           Power      Damage    Failure   Level
 Magic Dart               Conj           0%         1d3       73%         1
 Searing Ray              Conj           0%         3d3       86%         2
 Dazzling Flash           Conj/Hex       0%         N/A       97%         3
 Fulminant Prism          Conj/Hex       0%         3d6       100%        4
 Iskenderun's Mystic Bla  Conj/Tloc      0%         2d3       100%        4


Dungeon Overview and Level Annotations

Branches:
Dungeon (3/15)

Altars:
Gozag


Innate Abilities, Weirdness & Mutations

You thrive by killing the living.
You are immune to poison.
You have sharp fingernails.
Your flesh is cold resistant. (rC+)
You are immune to negative energy. (rN+++)
You do not regenerate when monsters are visible.
You are immune to unholy pain and torment.


Message History

i - 13 poisoned darts (gained 6)
You see here a +0 whip.
You now have 112 gold pieces (gained 7).
p - a wand of flame (11)
Things that are here:
a +0 dagger of freezing; a +0 ring mail You see here a +0 whip.
Things that are here:
a +0 dagger of freezing; a +0 ring mail
Found a scroll labelled FIEDWO BEAHO.
e - 3 scrolls labelled FIEDWO BEAHO (gained 1)
An iguana comes into view.
Throw: 13 darts (poison)
Press: ? - help, Q - select action, (/) - cycle Shift-Dir - straight line, f - iguana
Aim: an iguana (64% to hit)
You throw a poisoned dart. The poisoned dart hits the iguana.
The iguana is poisoned.
Unknown command.
Throw: 12 darts (poison)
Press: ? - help, Q - select action, (/) - cycle Shift-Dir - straight line, f/p - iguana
Aim: an iguana (poisoned, 64% to hit)
You throw a poisoned dart. The poisoned dart hits the iguana.
The iguana looks even sicker.
Unknown command.
You scratch the iguana.
The iguana is lightly wounded.
The iguana bites you.
* * * LOW HITPOINT WARNING * * *
You scratch the iguana but do no damage.
The iguana is lightly wounded.
The iguana bites you!
* * * LOW HITPOINT WARNING * * *
You scratch the iguana but do no damage.
The iguana is moderately wounded.
The iguana closely misses you.
You scratch the iguana but do no damage.
The iguana is moderately wounded.
The iguana bites you!
You die...
Your body crumbles into a pile of gold.

########## #.((l@...#
#.######.##########
#)##.......#
#)##.......####
#.##...........
...#.#.##.......###.
#>...........##### #.
...............#####.
#....................


You could see an iguana (very poisoned).

Vanquished Creatures
  Ijyb (D:3)
  3 gnolls (D:2)
  2 worms
  3 ball pythons (D:1)
  7 endoplasms
  2 giant cockroaches (D:1)
  2 goblins (D:2)
  4 hobgoblins
  8 kobolds
  2 quokkas
  4 bats
  3 frilled lizards
  6 rats
47 creatures vanquished.

Notes
Turn   | Place    | Note
-------+----------+-------------------------------------------
     0 | D:1      | chippings the Ghoul Gladiator began the quest for the Orb.
     0 | D:1      | Reached XP level 1. HP: 17/17 MP: 0/0
   187 | D:1      | Reached XP level 2. HP: 23/25 MP: 1/1
   616 | D:1      | Reached XP level 3. HP: 26/31 MP: 2/2
   668 | D:1      | Reached skill level 4 in Unarmed Combat
  1157 | D:2      | Reached XP level 4. HP: 9/39 MP: 3/3
  1555 | D:2      | Found an opulent altar of Gozag.
  1563 | D:2      | Became a worshipper of Gozag Ym Sagoz the Greedy
  1860 | D:2      | Found a faded altar of an unknown god.
  2065 | D:3      | Noticed Ijyb
  2087 | D:3      | Killed Ijyb
  2088 | D:3      | Reached skill level 1 in Stealth
  2119 | D:3      | Slain by an iguana

Illustrated notes

Levels and vault maps discovered:
D:1:      evilmike_arrival_rings, layout_loops_ring,
          ebering_dispersal_statue_hall
D:2:      layout_loops_ring, basic_altar, ebering_ecumenical_altar_box
D:3:      layout_basic, uniq_ijyb

Skill      XL: |  1  2  3  4 |
---------------+-------------+-----
Fighting       | 3 |  3.9
Unarmed Combat | 4 |  4.6
Stealth        | 1 |  1.0
Throwing       | |  1.7
Dodging        | |  2.6

Action                   |  1- 3 |  4- 6 || total
-------------------------+-------+-------++-------
Melee: Unarmed           |    95 |    55 ||   150
       Punch             |     1 |     2 ||     3
Throw: Dart              |       |     2 ||     2
Armor: Leather armour    |    32 |       ||    32
       Ring mail         |       |     9 ||     9
Dodge: Dodged            |    60 |    26 ||    86

Table legend: (Time is in decaauts)
 A = Elapsed time spent in this place.
 B = Non-inter-level travel time spent in this place.
 C = Inter-level travel time spent in this place.
 D = Time resting spent in this place.
 E = Time spent auto-exploring this place.
 F = Levels seen in this place.
 G = Mean time per level.
                   A        B        C        D        E       F      G
               +--------+--------+--------+--------+--------+-----+--------+
         Total |   2107 |   2057 |     50 |    202 |   1292 |   3 |  702.3 |
       Dungeon |   2107 |   2057 |     50 |    202 |   1292 |   3 |  702.3 |
               +--------+--------+--------+--------+--------+-----+--------+

Top non-repeatable levels by time:
     D:1: 1306 daAuts
     D:2: 591 daAuts
     D:3: 209 daAuts
